 Dungeon Crawl Stone Soup version 0.30-a0-570-g486de37d69 (webtiles) character file.

Game seed: 6582876297868521976

3744 M4edhros the Martial Artist (level 10, -1/68 HPs)
             Began as an Octopode Artificer on Dec 29, 2022.
             Slain by a tengu warrior
             ... wielding a +0 dire flail
              (15 damage)
             ... on level 8 of the Dungeon.
             The game lasted 00:11:57 (6695 turns).

M4edhros the Martial Artist (Octopode Artificer)    Turns: 6695, Time: 00:11:58

Health: -1/68      AC:  1    Str: 12    XL:     10   Next: 15%
Magic:  10/10      EV: 16    Int: 13    God:
Gold:   708        SH:  5    Dex: 17    Spells: 9/9 levels left

rFire   . . .      SeeInvis .    f - +7 short sword "Rylukhlou" {drain, +Blink}
rCold   + . .      Faith    .    y - +0 buckler
rNeg    + . .      Spirit   .    (helmet restricted)
rPois   .          Reflect  .    (no amulet)
rElec   .          Harm     .    k - ring of protection from cold
rCorr   .          Rampage  .    q - ring of positive energy
Will    .....                    (no ring)
Stlth   +++++                    (no ring)
HPRegen 0.31/turn                (no ring)
MPRegen 0.12/turn                (no ring)
                                 (no ring)
                                 (no ring)

@: no status effects
A: almost no armour, amphibious, 8 rings, camouflage 1, gelatinous body 1,
(nimble swimmer 1), tentacles
a: Evoke Blink


You were on level 8 of the Dungeon.
You visited 2 branches of the dungeon, and saw 9 of its levels.

You collected 807 gold pieces.
You spent 99 gold pieces at shops.

Inventory:

Hand Weapons
 f - the +7 short sword "Rylukhlou" (weapon) {drain, +Blink}
   (You found it on level 4 of the Dungeon)

   A truly terrible weapon, it drains the life of any living foe it strikes.
   +Blink:    It lets you blink.
Missiles
 u - 5 poisoned darts
Armour
 y - a +0 buckler (worn)
Jewellery
 k - a ring of protection from cold (left tentacle)
 q - a ring of positive energy (right tentacle)
 A - a ring of poison resistance
Wands
 b - a wand of flame (28) (quivered)
 c - a wand of charming (10)
Scrolls
 e - 2 scrolls of vulnerability {unknown}
 g - a scroll of teleportation {unknown}
 h - 5 scrolls of identify {unknown}
 m - 4 scrolls of blinking {unknown}
 n - a scroll of immolation {unknown}
 o - a scroll of noise {unknown}
 s - a scroll of magic mapping {unknown}
 v - 2 scrolls of fog {unknown}
 B - 3 scrolls of enchant armour {unknown}
 C - a scroll of acquirement {unknown}
 D - a scroll of poison {unknown}
Potions
 a - 2 potions of heal wounds {unknown}
 d - a potion of flight {unknown}
 i - 2 potions of lignification {unknown}
 j - 3 potions of invisibility {unknown}
 p - 2 potions of curing
 r - a potion of resistance {unknown}
 t - a potion of haste {unknown}
 w - a potion of attraction {unknown}
 x - 2 potions of brilliance {unknown}
 z - a potion of berserk rage {unknown}
 E - a potion of mutation {unknown}


   Skills:
 + Level 5.7 Fighting
 + Level 6.2 Dodging
 - Level 6.7 Stealth
 + Level 3.2 Shields
 * Level 8.2 Unarmed Combat
 + Level 7.1 Evocations


You had 9 spell levels left.
You didn't know any spells.
Your spell library contained the following spells:

 Spells                   Type           Power      Damage    Failure   Level
 Apportation              Tloc           0%         N/A       38%         1
 Necrotise                Necr           0%         1d4       38%         1
 Sandblast                Erth           0%         2d4       38%         1
 Summon Small Mammal      Summ           0%         N/A       38%         1
 Ensorcelled Hibernation  Hex/Ice        0%         N/A       52%         2
 Passwall                 Tmut/Erth      0%         N/A       52%         2
 Ignite Poison            Fire/Tmut/Pois 0%         N/A       77%         3
 Kindle Blastsparks       Fire/Tloc/Air  0%         2d10      77%         3
 Stone Arrow              Conj/Erth      0%         3d7       77%         3
 Swiftness                Air            0%         N/A       77%         3
 Freezing Cloud           Conj/Ice/Air   0%         6-21      100%        5


Dungeon Overview and Level Annotations

Branches:
Dungeon (7/15)             Temple (1/1) D:4

Altars:
Ashenzari
Dithmenos
Elyvilon
Fedhas
Gozag
Hepliaklqana
Kikubaaqudgha
Makhleb
Nemelex Xobeh
Okawaru
Qazlal
Ru
Sif Muna
Trog
Uskayaw
Vehumet
Wu Jian
Xom
Zin
The Shining One

Shops:
D:3 [   D:5 [


Innate Abilities, Weirdness & Mutations

You cannot wear most types of armour.
You are amphibious.
You can wear up to eight rings at the same time.
Your skin changes colour to match your surroundings (Stealth+).
Your rubbery body absorbs attacks. (AC +1, EV +1)
((You are camouflaged when in or above water. (Stealth+)))
You have tentacles for arms and can constrict up to eight enemies at once.


Message History

A tengu warrior is nearby!
Aiming: Bolt of Light
Press: ? - help, Shift-Dir - straight line, f/p - tengu warrior
Aim: a tengu warrior, wielding a +0 arbalest and wearing a +0 leather armour (moderately wounded, 51% to hit)
The bolt of light misses the tengu warrior.
The tengu warrior shoots a bolt.
The bolt barely misses you.
Aiming: Bolt of Light
Press: ? - help, Shift-Dir - straight line, f/p - tengu warrior
Aim: a tengu warrior, wielding a +0 arbalest and wearing a +0 leather armour (moderately wounded, 51% to hit)
The bolt of light hits the tengu warrior!
The tengu warrior is heavily wounded.
The tengu warrior is blinded.
The now-empty wand crumbles to dust.
The tengu warrior unwields a +0 arbalest.
The tengu warrior wields a +0 dire flail.
The tengu warrior misses you. You block the tengu warrior's attack.
The tengu warrior claws you.
You catch the helpless tengu warrior completely off-guard!
You puncture the tengu warrior! You grab the tengu warrior.
The tengu warrior is severely wounded.
You constrict the tengu warrior, but do no damage.
The tengu warrior is no longer blind.
You block the tengu warrior's attack. The tengu warrior barely misses you.
The tengu warrior claws you.
You barely miss the tengu warrior. You squeeze the tengu warrior.
The tengu warrior is severely wounded.
You constrict the tengu warrior. The tengu warrior misses you.
The tengu warrior pecks you. The tengu warrior claws you.
You puncture the tengu warrior!
The tengu warrior is almost dead.
You constrict the tengu warrior.
The tengu warrior hits you with a +0 dire flail!
* * * LOW HITPOINT WARNING * * *
The tengu warrior pecks you!
* * * LOW HITPOINT WARNING * * *
You block the tengu warrior's attack.
Okay, then.
You barely miss the tengu warrior. You tentacle-slap the tengu warrior.
The tengu warrior is almost dead.
You constrict the tengu warrior.
The tengu warrior hits you with a +0 dire flail!
You die...

...# #.# ...#
#.# ...# ###
#)# ...#
#.####Q# ...#
#......#
...####
#.######
........ #.#
..###### #Q#
...... #@#
#####.# #.#
#.# #.#
#.#.#########
#.....)......
#.#.#########
#...# #.###


You could see a tengu warrior.

Vanquished Creatures
  Joseph (D:8)
  Sigmund (D:3)
  A wyvern (D:7)
  A steam dragon (D:6)
  2 water moccasins (D:8)
  3 ice beasts
  A black bear (D:6)
  2 centaurs
  An ogre (D:6)
  2 phantoms
  A bullfrog (D:6)
  A necrophage (D:6)
  A gnoll sergeant (D:8)
  4 wights
  A scorpion (D:5)
  6 killer bees (D:8)
  A howler monkey (D:4)
  6 hounds
  2 jellies
  A gnoll bouda (D:6)
  2 iguanas
  Crazy Yiuf (D:3)
  2 orc wizards
  12 gnolls
  7 adders
  4 shadow imps
  A white imp (D:5)
  3 worms
  6 dart slugs
  9 orcs
  8 ball pythons
  10 bats
  4 endoplasms
  7 giant cockroaches
  6 hobgoblins
  3 quokkas (D:4)
  4 frilled lizards
  5 goblins
  2 kobolds
135 creatures vanquished.

Vanquished Creatures (collateral kills)
  A tengu warrior (D:8)
  A worm (D:4)
  An orc (D:4)
  A kobold (D:4)
4 creatures vanquished.

Grand Total: 139 creatures vanquished

Notes
Turn   | Place    | Note
-------+----------+-------------------------------------------
     0 | D:1      | M4edhros the Octopode Artificer began the quest for the
                  | Orb.
     0 | D:1      | Reached XP level 1. HP: 13/13 MP: 1/1
     7 | D:2      | Found a burning altar of Makhleb.
    94 | D:2      | Reached XP level 2. HP: 16/18 MP: 2/2
   126 | D:3      | Reached skill level 1 in Unarmed Combat
   208 | D:3      | Noticed Sigmund
   210 | D:3      | Killed Sigmund
   211 | D:3      | Reached skill level 2 in Unarmed Combat
   211 | D:3      | Reached XP level 3. HP: 24/24 MP: 3/3
   211 | D:3      | Reached XP level 4. HP: 29/29 MP: 4/4
   211 | D:3      | Reached XP level 5. HP: 34/34 MP: 5/5
   488 | D:4      | Reached skill level 3 in Unarmed Combat
   488 | D:4      | Reached XP level 6. HP: 31/40 MP: 6/6
   891 | D:4      | Identified the +7 short sword "Rylukhlou" {drain, +Blink}
   922 | D:5      | Entered Level 5 of the Dungeon
   980 | D:6      | Noticed a steam dragon
  1043 | D:5      | Found Esaog Mue's Antique Armour Shoppe.
  1084 | D:5      | Noticed an ice beast
  1088 | D:5      | Killed an ice beast
  1113 | D:5      | Reached XP level 7. HP: 28/45 MP: 7/7
  1121 | D:5      | Reached skill level 4 in Unarmed Combat
  1560 | D:7      | Noticed a wyvern
  1567 | D:7      | Killed a wyvern
  1568 | D:7      | Reached skill level 5 in Evocations
  1863 | D:7      | Reached skill level 5 in Stealth
  1910 | D:7      | Reached XP level 8. HP: 19/53 MP: 8/8
  2184 | D:6      | Reached skill level 5 in Unarmed Combat
  2563 | D:6      | Reached skill level 6 in Unarmed Combat
  2669 | D:6      | Reached skill level 5 in Dodging
  2688 | D:6      | Reached XP level 9. HP: 48/59 MP: 9/9
  2896 | D:5      | Found a shimmering altar of Xom.
  3347 | D:4      | Found a sacrificial altar of Ru.
  3550 | D:4      | Found a staircase to the Ecumenical Temple.
  3602 | Temple   | Entered the Ecumenical Temple
  3986 | D:3      | Found a radiant altar of Vehumet.
  4100 | D:3      | Found Quinuq's Antique Armour Shop.
  4114 | D:3      | Bought a buckler for 99 gold pieces
  4609 | D:3      | Found a runed translucent door.
  4610 | D:3      | Noticed Crazy Yiuf
  4751 | D:3      | Killed Crazy Yiuf
  5105 | D:1      | Found a faded altar of an unknown god.
  5909 | D:6      | Found a glowing golden altar of the Shining One.
  5915 | D:6      | Found a hide-covered altar of Uskayaw.
  5918 | D:6      | Found an opulent altar of Gozag.
  5918 | D:6      | Found an ancient bone altar of Kikubaaqudgha.
  5925 | D:6      | Found a broken altar of Ashenzari.
  6095 | D:7      | You fall into a shaft and drop 1 floor!
  6134 | D:8      | Reached skill level 1 in Shields
  6135 | D:8      | Reached skill level 5 in Fighting
  6135 | D:8      | Reached skill level 7 in Unarmed Combat
  6479 | D:8      | Noticed Joseph
  6491 | D:8      | Killed Joseph
  6644 | D:8      | Noticed a tengu warrior
  6645 | D:8      | Noticed a tengu warrior
  6657 | D:8      | Killed a tengu warrior
  6658 | D:8      | Reached skill level 8 in Unarmed Combat
  6658 | D:8      | Reached XP level 10. HP: 39/68 MP: 10/10
  6695 | D:8      | Slain by a tengu warrior

Illustrated notes

Levels and vault maps discovered:
D:1:      dpeg_arrival_fog, layout_loops_cross, ebering_ecumenical_altar_ruins
D:2:      layout_rooms, basic_altar, nicolae_underground_beach
D:3:      layout_basic, vehumet_crystals, serial_shops, shop,
          hangedman_decor_points, hex_medium, uniq_sigmund,
          uniq_crazy_yiuf_cottage
D:4:      minmay_polygon_palace, layout_loops_ring,
          mainiacjoe_overflow_24_doors, temple_hall, gup_sewer_entry_bowl
D:5:      layout_basic, amcnicky_altar_gilded, serial_shops,
          nicolae_shop_behind_doors, kennysheep_cross_room
D:6:      layout_loops_ring, nicolae_overflow_hallway_of_the_gods,
          hangedman_decor_peaks_small
D:7:      layout_gridville
D:8:      layout_basic, gammafunk_temple_overflow_statue, uniq_joseph
Temple:   nicolae_temple_godzebo

Skill      XL: |  1  2  3  4  5  6  7  8  9 |
---------------+----------------------------+-----
Unarmed Combat | 2 3 4 6 8 |  8.2
Fighting       | 2 3 4 5 |  5.7
Dodging        | 3 4 5 6 |  6.2
Stealth        | 3 4 5 6 |  6.7
Evocations     | 4 5 6 7 |  7.1
Shields        | 3 |  3.2

Action                   |  1- 3 |  4- 6 |  7- 9 | 10-12 || total
-------------------------+-------+-------+-------+-------++-------
Melee: Unarmed           |    26 |    54 |       |       ||    80
       Constrict         |     8 |    17 |    34 |     1 ||    60
       Tentacles         |     5 |    11 |    37 |     1 ||    54
       Punch             |       |     2 |     7 |     1 ||    10
       Short sword       |       |     6 |   182 |     4 ||   192
Evoke: Wand              |     3 |     6 |    18 |     2 ||    29
  Use: Potion            |       |     1 |     1 |       ||     2
 Stab: Sleeping          |     3 |     3 |    21 |       ||    27
       Distracted        |       |     1 |     2 |       ||     3
       Betrayed ally     |       |     1 |       |       ||     1
       Invisible         |       |       |     1 |     1 ||     2
Armor: Skin              |     6 |     4 |    10 |       ||    20
Dodge: Dodged            |    24 |    36 |   106 |     5 ||   171
Block: Buckler           |       |       |    10 |     3 ||    13

Table legend: (Time is in decaauts)
 A = Elapsed time spent in this place.
 B = Non-inter-level travel time spent in this place.
 C = Inter-level travel time spent in this place.
 D = Time resting spent in this place.
 E = Time spent auto-exploring this place.
 F = Levels seen in this place.
 G = Mean time per level.
                   A        B        C        D        E       F      G
               +--------+--------+--------+--------+--------+-----+--------+
         Total |   6707 |   6300 |    407 |    438 |   4761 |   9 |  745.2 |
       Dungeon |   6586 |   6182 |    404 |    438 |   4654 |   8 |  823.2 |
        Temple |    120 |    118 |      2 |      0 |    107 |   1 |  120.0 |
               +--------+--------+--------+--------+--------+-----+--------+

Top non-repeatable levels by time:
     D:4: 1211 daAuts
     D:5: 1049 daAuts
     D:3: 1043 daAuts
     D:6: 1011 daAuts
     D:1: 720 daAuts
     D:8: 600 daAuts
     D:7: 556 daAuts
     D:2: 394 daAuts
  Temple: 120 daAuts
